 Dungeon Crawl Stone Soup version 0.16.0-8-gd9ae3a8 (webtiles) character file.

40543 Medar the Covert (level 13, -3/101 HPs)
             Began as a Vampire Monk on Mar 15, 2015.
             Was the Champion of Makhleb.
             Killed from afar by a balrug (25 damage)
             ... with a fireball
             ... summoned by the player character
             ... on level 5 of the Lair of Beasts on Mar 16, 2015.
             The game lasted 01:29:07 (19685 turns).

Medar the Covert (Vampire Monk)                    Turns: 19685, Time: 01:29:07

Health: -3/101     AC: 11    Str: 12    XL:     13   Next: 75%
Magic:  0/27       EV: 21    Int: 12    God:    Makhleb [******]
Gold:   1332       SH:  0    Dex: 20    Spells: 0 memorised, 12 levels left

rFire  . . .     SeeInvis +     a - +1 quick blade (freeze)
rCold  + . .     Clarity  .     O - +2 robe {rN+}
rNeg   + + +     SustAb   .     (no shield)
rPois  +         Gourm    .     (no helmet)
rElec  .         Spirit   +     J - +2 cloak {+Inv}
rCorr  .         Warding  .     (no gloves)
rMut   .         Stasis   .     e - +2 pair of boots
MR     +....                    G - amulet of guardian spirit
Stlth  +++++++++.               k - ring of stealth
                                d - +2 ring of strength

@: very slightly contaminated, regenerating slowly, somewhat resistant to
hostile enchantments, incredibly stealthy
A: bottle blood, fangs 3, rugged brown scales 1, see invisible, unbreathing
a: Bat Form, Minor Destruction, Lesser Servant of Makhleb, Major Destruction,
Greater Servant of Makhleb, Renounce Religion, Evoke Invisibility


You were on level 5 of the Lair of Beasts.
You worshipped Makhleb.
Makhleb was exalted by your worship.
You were thirsty.

You visited 3 branches of the dungeon, and saw 18 of its levels.
You also visited: Labyrinth, Ossuary and Ice Cave.

You collected 1472 gold pieces.
You spent 140 gold pieces at shops.

Inventory:

Hand weapons
 a - a +1 quick blade of freezing (weapon)
 b - a +0 blowgun
 c - a +2 dagger of draining
 m - a +1 demon blade of electrocution
Missiles
 u - 93 poisoned needles
 A - 7 javelins (quivered)
Armour
 e - a +2 pair of boots (worn)
 J - a +2 cloak of invisibility (worn)
 N - a +0 troll leather armour of cold resistance
 O - a +2 robe of positive energy (worn)
 Y - a quicksilver dragon armour
Magical staves
 B - an uncursed staff of fire
Jewellery
 d - a +2 ring of strength (left hand)
 k - a ring of stealth (right hand)
 o - an uncursed ring of ice
 t - an uncursed ring of flight
 G - an amulet of guardian spirit (around neck)
 I - an uncursed ring of invisibility
 R - an uncursed ring of teleportation
 U - an uncursed amulet of resist corrosion
Magical devices
 s - a wand of digging (11)
 w - a wand of fireball (2)
 E - a wand of disintegration (8)
 P - a wand of flame (26)
 W - a wand of enslavement (10)
 X - a wand of frost (34)
Scrolls
 f - a scroll of enchant armour
 r - a scroll of random uselessness {unknown}
 C - 5 scrolls of teleportation
 F - 3 scrolls of fog
 K - a scroll of recharging {unknown}
 L - a scroll of blinking
 S - a scroll of fear
 T - a scroll of enchant weapon
 Z - 3 scrolls of remove curse {@r1}
Potions
 g - 2 potions of flight
 h - 2 potions of heal wounds
 i - 4 potions of agility
 j - 2 potions of haste
 l - 4 potions of brilliance
 n - 3 potions of restore abilities
 p - 4 potions of curing {@q1}
 q - a potion of magic
 v - 9 potions of blood
 z - 2 potions of might
 D - 2 potions of invisibility
 H - a potion of mutation {!q}
 M - a potion of resistance
 Q - a potion of cancellation
 V - a potion of cure mutation {!q}
Miscellaneous
 x - a stone of tremors
 y - a lamp of fire


   Skills:
 - Level 8.7 Fighting
 - Level 14.0 Short Blades
 + Level 4.2 Armour
 - Level 10.0 Dodging
 + Level 14.9 Stealth
 - Level 5.4 Unarmed Combat
 - Level 10.0 Invocations
 - Level 4.2 Evocations


You had 12 spell levels left.
You didn't know any spells.

Dungeon Overview and Level Annotations

Branches:
Dungeon (12/15)            Temple (1/1) D:6            Lair (5/8) D:11
  Snake (0/5) Lair:3          Orc (0/4) D:9
  Swamp: Lair:3-6    Shoals: Lair:3-6

Altars:
Ashenzari
Cheibriados
Dithmenos
Elyvilon
Fedhas
Gozag
Kikubaaqudgha
Makhleb
Nemelex Xobeh
Okawaru
Qazlal
Ru
Sif Muna
Trog
Vehumet
Xom
Yredelemnul
Zin
The Shining One

Shops:
D:4 *   D:6 (

Annotations:
D:3 exclusion: 2 orc priests, Zapata's ghost, average KoBe
D:6 cachaos' ghost, experienced HOFi
D:10 Josephine


Innate Abilities, Weirdness & Mutations

You heal slowly.
You can bottle blood from corpses.
You have razor-sharp teeth.
You have supernaturally acute eyesight.
You can survive without breathing.
You are partially covered in rugged brown scales (AC +1, +3% HP).


Message History

The bolt of fire hits the death yak.
The death yak gores your balrug!!
Your balrug hits the death yak with a demon whip of electrocution!
The death yak is engulfed in flames!!
The death yak gores your balrug but does no damage.
Your balrug hits the death yak with a demon whip of electrocution!
The death yak is engulfed in flames!!
The death yak dies!
Makhleb accepts your kill.
The death yak closely misses your balrug.
The death yak gores you!! The death yak gores you!
* * * LOW HITPOINT WARNING * * *
Your balrug hits the death yak with a demon whip of electrocution!!
The death yak is engulfed in flames!!
There is a sudden explosion of sparks!
Your balrug gestures at the death yak.
The fireball explodes!
The fireball engulfs the death yak.
The death yak dies!
Makhleb accepts your kill. The fireball engulfs you!
You die...

# ## #P###.####
#..P.#...####
.P#......†....##
.....##...#†..P#
P.....##.#....######
.P#................#
.........#.........#
.#....P....#..##@.#.#
#.........Y#..##Y†######
###P....P.##....Y..#...#
#...)....#....2.Y....##
##..?.#.#.$...........##.
#.......P.......[....#..##
#........................#
#.....................#..##
###.......................#


You could see 3 death yaks and a friendly balrug.

Vanquished Creatures
  A minotaur (Lab)
  5 hydras
  3 death yaks
  2 ice devils (IceCv)
  A hill giant (D:11)
  A manticore (D:11)
  An elephant (D:11)
  Joseph (D:8)
  2 gargoyles (D:10)
  3 black mambas
  2 spiny frogs
  6 komodo dragons
  A queen bee (D:9)
  3 blue devils (IceCv)
  2 slime creatures (D:11)
  11 blink frogs
  A wraith (D:9)
  3 basilisks
  3 wyverns (Lair:4)
  55 yaks
  5 hippogriffs
  A hungry ghost (D:9)
  15 wolves
  Edmund (D:5)
  12 water moccasins
  A soldier ant (D:11)
  6 porcupines
  4 orc warriors
  2 phantoms (D:10)
  A sky beast (D:10)
  5 ice beasts
  A wasp (D:9)
  4 ogres
  A black bear (D:6)
  An eye of draining (D:11)
  3 necrophages
  4 crocodiles
  A boring beetle (Lair:3)
  10 giant frogs
  6 centaurs
  18 big kobolds
  A wyvern skeleton (D:6)
  A water moccasin skeleton (D:8)
  32 killer bees
  A yak zombie (D:10)
  4 scorpions
  4 wights (D:6)
  2 quasits (D:11)
  4 goliath beetles
  2 jellies
  3 crimson imps
  A giant frog zombie (D:10)
  Crazy Yiuf (D:7)
  16 orc priests
  13 hounds
  11 iguanas
  17 orc wizards
  A centaur skeleton (D:6)
  2 giant frog skeletons
  4 worker ants
  8 sheep
  2 killer bee zombies
  A hound skeleton (D:4)
  A worker ant zombie (D:10)
  9 mummies
  3 gnolls (D:3)
  16 river rats
  2 shadow imps
  14 adders
  A giant mite (D:8)
  7 white imps (IceCv)
  3 worms
  3 ufetubi (IceCv)
  An adder zombie (D:9)
  An iguana zombie (D:10)
  An ooze (D:1)
  63 orcs
  16 bats
  A bat zombie (D:7)
  8 giant cockroaches
  2 gnoll zombies (Ossuary)
  18 hobgoblins
  37 kobolds
  14 quokkas
  2 ball pythons
  8 giant geckos
  A giant gecko zombie (D:8)
  9 giant newts
  A giant spore (D:10)
  12 goblins
  4 hobgoblin zombies
  A jackal skeleton (D:7)
  7 orc zombies
  11 rats
  A rat zombie (D:10)
  3 ballistomycetes (D:10)
621 creatures vanquished.

Vanquished Creatures (collateral kills)
  Maud (Lair:5)
  2 death yaks (Lair:5)
  2 ice statues (IceCv)
  4 blue devils (IceCv)
  An ice beast (IceCv)
  A white imp (IceCv)
  An ufetubus (IceCv)
12 creatures vanquished.

Vanquished Creatures (others)
  2 white imps (IceCv)
  3 ufetubi (IceCv)
  A rat (D:10)
  A ballistomycete (D:10)
  2 fungi
9 creatures vanquished.

Grand Total: 642 creatures vanquished

Notes
Turn   | Place    | Note
--------------------------------------------------------------
     0 | D:1      | Medar, the Vampire Monk, began the quest for the Orb.
     0 | D:1      | Reached XP level 1. HP: 17/17 MP: 1/1
   336 | D:1      | Reached XP level 2. HP: 23/23 MP: 2/2
   347 | D:1      | Reached skill level 5 in Unarmed Combat
   894 | D:2      | Found an opulent altar of Gozag.
  1136 | D:2      | Reached XP level 3. HP: 28/28 MP: 3/3
  1657 | D:2      | Reached skill level 1 in Short Blades
  1979 | D:3      | Reached XP level 4. HP: 34/34 MP: 4/4
  2641 | D:3      | Noticed Zapata's ghost (average KoBe)
  2798 | D:3      | Reached skill level 5 in Fighting
  2798 | D:3      | Reached skill level 8 in Short Blades
  2798 | D:3      | Reached XP level 5. HP: 38/44 MP: 5/5
  3205 | D:3      | Reached XP level 6. HP: 51/51 MP: 6/6
  3368 | D:4      | Found a sand-covered staircase.
  3385 | Ossuary  | Entered an ossuary
  3446 | Ossuary  | Reached skill level 9 in Short Blades
  4039 | D:4      | Reached XP level 7. HP: 39/56 MP: 7/7
  4071 | D:4      | Found Zoeboeb's General Store.
  4666 | D:4      | Reached skill level 10 in Short Blades
  4687 | D:5      | Entered Level 5 of the Dungeon
  4849 | D:5      | Reached XP level 8. HP: 62/62 MP: 8/8
  5188 | D:5      | Found a snail-covered altar of Cheibriados.
  5437 | D:6      | Found Osaisan's Antique Weapon Shoppe.
  5447 | D:6      | Bought a rapier for 140 gold pieces
  5458 | D:6      | Noticed Edmund
  5490 | D:5      | Killed Edmund
  5490 | D:5      | Reached skill level 11 in Short Blades
  6044 | D:6      | Noticed cachaos' ghost (experienced HOFi)
  6398 | D:5      | Reached XP level 9. HP: 58/68 MP: 9/9
  6516 | D:6      | Found a staircase to the Ecumenical Temple.
  6538 | Temple   | Entered the Ecumenical Temple
  6862 | D:7      | Reached skill level 12 in Short Blades
  6937 | D:7      | Found an iron altar of Okawaru.
  8218 | D:7      | Noticed Crazy Yiuf
  8229 | D:7      | Killed Crazy Yiuf
  8871 | D:7      | Reached skill level 1 in Evocations
  8873 | D:7      | Reached skill level 1 in Armour
  9141 | D:8      | Found a burning altar of Makhleb.
  9174 | D:8      | Became a worshipper of Makhleb the Destroyer
  9174 | D:8      | Acquired Makhleb's first power
  9174 | D:8      | Acquired Makhleb's second power
  9240 | D:8      | Noticed Joseph
  9245 | D:8      | Killed Joseph
  9245 | D:8      | Reached XP level 10. HP: 74/76 MP: 11/13
  9705 | D:8      | Acquired Makhleb's third power
 10158 | D:9      | Reached skill level 10 in Stealth
 10567 | D:9      | Acquired Makhleb's fourth power
 10737 | D:9      | Found a white marble altar of Elyvilon.
 11119 | D:9      | Found a staircase to the Orcish Mines.
 11400 | D:9      | Acquired Makhleb's fifth power
 11409 | D:9      | Found a radiant altar of Vehumet.
 11409 | D:9      | Found an ancient bone altar of Kikubaaqudgha.
 11409 | D:9      | Found a stormy altar of Qazlal.
 11409 | D:9      | Found a shadowy altar of Dithmenos.
 11807 | D:10     | Entered Level 10 of the Dungeon
 11808 | D:10     | Reached XP level 11. HP: 83/83 MP: 18/18
 11810 | D:10     | Reached skill level 13 in Short Blades
 12239 | D:10     | Noticed Josephine
 13042 | D:11     | Noticed a hill giant
 13044 | D:11     | Killed a hill giant
 13046 | D:11     | Noticed a death yak
 13047 | D:11     | Found a staircase to the Lair.
 13056 | D:11     | Killed a death yak
 14066 | D:12     | Noticed an unseen horror
 14153 | Lair:1   | Entered Level 1 of the Lair of Beasts
 14172 | Lair:1   | Reached XP level 12. HP: 94/94 MP: 19/19
 14570 | Lair:1   | Reached skill level 14 in Short Blades
 14579 | Lair:1   | Reached skill level 10 in Dodging
 14638 | Lair:1   | Gained mutation: You are partially covered in rugged brown scales (AC +1, +3% HP). [potion of beneficial mutation]
 14824 | Lair:1   | Noticed an eight-headed hydra
 14847 | Lair:1   | Killed an eight-headed hydra
 15476 | Lair:2   | Reached skill level 5 in Invocations
 16073 | Lair:3   | Found a labyrinth entrance.
 16079 | Lair:3   | Noticed an eight-headed hydra
 16082 | Lab      | Entered a labyrinth
 16570 | Lab      | Noticed a minotaur
 16575 | Lab      | Killed a minotaur
 16597 | Lab      | Identified the Disquisition on Freezing Bewitchment (You found it in a labyrinth)
 16658 | Lab      | Got a pitted falchion
 16663 | Lab      | Identified the +1 falchion of Xotyeqy {antimagic, rPois} (You found it in a labyrinth)
 16775 | Lair:3   | Noticed a five-headed hydra
 16783 | Lair:3   | Killed a five-headed hydra
 17030 | Lair:3   | Reached XP level 13. HP: 101/101 MP: 18/25
 17451 | Lair:3   | Found a staircase to the Snake Pit.
 17848 | Lair:4   | Killed an eight-headed hydra
 18300 | Lair:4   | Reached skill level 10 in Invocations
 18592 | Lair:4   | Upgraded the game from 0.16.0-7-ge91f220 to 0.16.0-8-gd9ae3a8
 18824 | Lair:5   | Found a frozen archway.
 18851 | IceCv    | Entered an ice cave
 19445 | IceCv    | Got a warped spear
 19446 | IceCv    | Identified the +5 spear of Ointment {drain, MR++ Dex+4} (You found it in an ice cave)
 19647 | Lair:5   | Noticed Maud
 19663 | Lair:5   | Killed Maud
 19685 | Lair:5   | Killed from afar by a balrug

Action                   |  1- 3 |  4- 6 |  7- 9 | 10-12 | 13-15 || total
-------------------------+-------+-------+-------+-------+-------++-------
Melee: Unarmed           |    92 |    26 |       |       |       ||   118
       Short sword       |       |   115 |    21 |       |       ||   136
       Dagger            |       |       |    90 |   424 |   121 ||   635
       Rapier            |       |       |   362 |   726 |   233 ||  1321
       Quick blade       |       |       |       |       |    34 ||    34
 Fire: Blowgun           |     6 |     6 |       |       |       ||    12
Throw: Javelin           |       |       |     5 |       |       ||     5
Invok: Greater Servant o |       |       |       |       |     3 ||     3
 Abil: Evoke Invisibilit |       |       |       |    17 |     6 ||    23
Evoke: Wand              |       |     1 |     2 |     1 |       ||     4
  Use: Potion            |     1 |    14 |    11 |    12 |     4 ||    42
       Scroll            |       |     9 |     7 |    11 |     6 ||    33
 Stab: Sleeping          |     9 |     5 |    16 |    59 |    17 ||   106
       Distracted        |       |     2 |     6 |     6 |     4 ||    18
       Invisible         |       |       |       |    72 |    16 ||    88
